 Dungeon Crawl Stone Soup version 0.24-a0-179-g7a2c91a (console) character file.

Game seed: 7903305596820393317

326 Duffy the Conjurer (level 6, -1/36 HPs)
             Began as an Octopode Fire Elementalist on Mar 13, 2019.
             Slain by a worker ant (6 damage)
             ... on level 3 of the Dungeon.
             The game lasted 00:05:31 (3758 turns).

Duffy the Conjurer (Octopode Fire Elementalist)     Turns: 3758, Time: 00:05:31

Health: -1/36      AC:  1    Str:  7    XL:     6   Next: 49%
Magic:  1/11       EV: 13    Int: 20    God:
Gold:   143        SH:  0    Dex: 12    Spells: 4/12 levels left

rFire    . . .     SeeInvis .   b - 4 rations
rCold    . . .     Gourm    .   (no shield)
rNeg     . . .     Faith    .   (helmet restricted)
rPois    .         Spirit   .   (no amulet)
rElec    .         Reflect  .   (no ring)
rCorr    .         Harm     .   (no ring)
MR       .....                  (no ring)
Stlth    +++.......             (no ring)
HPRegen  0.12/turn              (no ring)
MPRegen  0.12/turn              (no ring)
                                (no ring)
                                (no ring)

@: no status effects
A: almost no armour, stealthy swim, amphibious, 8 rings, constrict 8, camouflage
1, gelatinous body 1
a: no special abilities


You were on level 3 of the Dungeon.
You were not hungry.

You visited 1 branch of the dungeon, and saw 3 of its levels.

You collected 143 gold pieces.

Inventory:

Wands
 i - a wand of enslavement (4)
Scrolls
 c - a scroll of noise {unknown}
 d - 4 scrolls of teleportation {unknown}
 f - 3 scrolls of identify {unknown}
Potions
 a - a potion of invisibility {unknown}
 e - a potion of lignification {unknown}
 h - 2 potions of heal wounds {unknown}
Comestibles
 b - 4 rations (in tentacle)
 g - 7 chunks of flesh


   Skills:
 - Level 2.0 Dodging
 - Level 2.6 Stealth
 + Level 3.5 Spellcasting
 + Level 4.4 Conjurations
 + Level 4.3 Fire Magic


You had 4 spell levels left.
You knew the following spells:

 Your Spells              Type           Power        Failure   Level  Hunger
h - Flame Tongue          Conj/Fire      ###..        2%          1    None
j - Sticky Flame          Conj/Fire      ###.....     22%         4    ####...
l - Conjure Flame         Conj/Fire      ###.....     7%          3    ###....

Your spell library contained the following spells:

 Spells                   Type           Power        Failure   Level  Hunger
 Throw Flame              Conj/Fire      ###...       3%          2    ##.....
 Animate Skeleton         Necr           N/A          14%         1    None
 Apportation              Tloc           #.....       14%         1    None
 Confusing Touch          Hex            #.....       14%         1    None
 Summon Small Mammal      Summ           #...         14%         1    None
 Inner Flame              Hex/Fire       ##......     17%         3    ###....
 Fireball                 Conj/Fire      ###.......   52%         5    ######.


Dungeon Overview and Level Annotations

Branches:
Dungeon (3/15)

Altars:
Elyvilon
Gozag


Innate Abilities, Weirdness & Mutations

You cannot wear most types of armour.
You are very stealthy in the water. (Stealth+)
You are amphibious.
You can wear up to eight rings at the same time.
You can use your tentacles to constrict eight enemies at once.
Your skin changes colour to match your surroundings (Stealth+).
Your rubbery body absorbs attacks. (AC +1, EV +1)


Message History

You kill the kobold!
Cast which spell? (? or * to list)
Aiming: Flame Tongue (safe; 2% risk of failure)
Press: ? - help, Shift-Dir - straight line, f - gnoll
Aim: a gnoll, wielding a +0 flail of holy wrath The flame tongue hits the gnoll!
The gnoll is severely wounded.
The orc hits you from afar with a +0 trident!
The gnoll misses you.
Cast which spell? (? or * to list)
Aiming: Flame Tongue (safe; 2% risk of failure)
Press: ? - help, Shift-Dir - straight line, f/p - gnoll
Aim: a gnoll, wielding a +0 flail of holy wrath (severely wounded)
The flame tongue hits the gnoll.
You kill the gnoll!
The orc barely misses you.
Cast which spell? (? or * to list)
You don't have enough magic to cast that spell.
The worker ant bites you.
You die...

#..............
#..............
#.......#......
#.......#......
#.......####...
#.......# ...
#.......# .. #.......#
####....@..####
#........a.(..#
#.............#
##..........o..#
...............#
..............(#
..##....###.###)).....
. #....# #.# ...>...
#....# #.# #8..8#.


You could see a worker ant and an orc.

Vanquished Creatures
  An ice beast (D:2)
  An orc priest (D:3)
  Ijyb (D:3)
  3 gnolls (D:3)
  7 adders
  A worm (D:2)
  3 dart slugs
  5 leopard geckos
  3 orcs
  3 giant cockroaches
  6 hobgoblins (D:1)
  6 jackals
  A ball python (D:3)
  7 bats
  3 frilled lizards
  11 goblins
  6 kobolds
  5 rats
73 creatures vanquished.

Vanquished Creatures (others)
  A quokka (D:3)
1 creature vanquished.

Grand Total: 74 creatures vanquished

Notes
Turn   | Place    | Note
-------+----------+-------------------------------------------
     0 | D:1      | Duffy the Octopode Fire Elementalist began the quest for
                  | the Orb.
     0 | D:1      | Reached XP level 1. HP: 11/11 MP: 3/3
   322 | D:1      | Reached XP level 2. HP: 13/17 MP: 0/5
   936 | D:1      | Reached XP level 3. HP: 21/21 MP: 3/6
   941 | D:1      | Learned a level 3 spell: Conjure Flame
  1819 | D:2      | Noticed an ice beast
  1889 | D:2      | Killed an ice beast
  1889 | D:2      | Reached XP level 4. HP: 9/27 MP: 0/8
  1889 | D:2      | Reached XP level 5. HP: 11/31 MP: 0/9
  2100 | D:2      | Learned a level 4 spell: Sticky Flame
  3037 | D:3      | Reached XP level 6. HP: 6/36 MP: 4/10
  3295 | D:3      | Found an opulent altar of Gozag.
  3347 | D:3      | Found a white marble altar of Elyvilon.
  3554 | D:3      | Noticed Ijyb
  3575 | D:3      | Killed Ijyb
  3758 | D:3      | Slain by a worker ant

Levels and vault maps discovered:
D:1:      ebering_trefoil_3fold, layout_basic, serial_forest,
          infiniplex_forest_lined_ring, infiniplex_forest_lined_room_2,
          infiniplex_forest_lined_2, infiniplex_forest_lined_3_way,
          infiniplex_forest_clump_diagonal, infiniplex_forest_straight_3
D:2:      layout_loops_cross, first_ration
D:3:      layout_basic, elyvilon_altar_4, nicolae_gozag_seed_capital,
          nicolae_overflow_crystal_walls, st_stairs_6, uniq_ijyb

Skill      XL: |  1  2  3  4  5 |
---------------+----------------+-----
Conjurations   | 2 3 4 |  4.4
Spellcasting   | 3 |  3.5
Fire Magic     | 4 |  4.3
Dodging        | |  2.0
Stealth        | |  2.6

Action                   |  1- 3 |  4- 6 || total
-------------------------+-------+-------++-------
 Cast: Flame Tongue      |    66 |    87 ||   153
       Conjure Flame     |     1 |       ||     1
  Eat: Chunk             |     4 |     5 ||     9
Armor: Skin              |       |     6 ||     6
Dodge: Dodged            |    12 |    33 ||    45

Table legend:
 A = Non-vault XP
 B = Vault XP
 C = Vault XP percentage of total XP
 D = Non-vault monster count
 E = Vault monster count
 F = Vault count percentage of total count
                 A         B        C        D         E       F
            +---------+---------+-------+---------+---------+-------
      Total |     418 |      48 |  10.3 |      71 |       2 |   2.7
            +---------+---------+-------+---------+---------+-------
        D:1 |      55 |       0 |   0.0 |      27 |       0 |   0.0
        D:2 |     233 |       0 |   0.0 |      24 |       0 |   0.0
        D:3 |     130 |      48 |  27.0 |      20 |       2 |   9.1
            +---------+---------+-------+---------+---------+-------
